 Dungeon Crawl Stone Soup version 0.21-a0-55-gb612c23 (webtiles) character file.

484 grindst0ne the Skirmisher (level 6, -8/52 HPs)
             Began as a Demonspawn Berserker on June 14, 2017.
             Was a Priest of Trog.
             Killed by divine providence
             ... invoked by an orc priest
              (17 damage)
             ... on level 5 of the Dungeon.
             The game lasted 00:05:44 (3230 turns).

grindst0ne the Skirmisher (Demonspawn Berserker)    Turns: 3230, Time: 00:05:44

Health: -8/52      AC:  9    Str: 17    XL:     6   Next: 88%
Magic:  6/6        EV:  7    Int:  9    God:    Trog [***...]
Gold:   166        SH:  0    Dex: 14    Spells: 5/5 levels left

rFire    . . .     SeeInvis .   p - +1 hand axe (vamp)
rCold    . . .     Gourm    .   (no shield)
rNeg     . . .     Faith    .   o - +0 chain mail
rPois    .         Spirit   .   (no helmet)
rElec    .         Reflect  .   (no cloak)
rCorr    .         Harm     .   x - +0 pair of gloves
MR       .....                  (no boots)
Stlth    ..........             (no amulet)
HPRegen  0.17/turn              (no ring)
MPRegen  0.10/turn              (no ring)

@: no status effects
A: claws 2, hooves 1, spiny 1
a: Berserk, Trog's Hand, Burn Spellbooks, Renounce Religion


You were on level 5 of the Dungeon.
You worshipped Trog.
Trog was most pleased with you.
You were not hungry.

You visited 1 branch of the dungeon, and saw 5 of its levels.

You collected 166 gold pieces.

Inventory:

Hand Weapons
 a - a +0 hand axe
 p - a +1 vampiric hand axe (weapon)
Armour
 b - a +0 animal skin
 i - a +0 leather armour
 l - a +0 ring mail
 o - a +0 chain mail (worn)
 x - a +0 pair of gloves (worn)
Scrolls
 d - 2 scrolls of remove curse {unknown}
 e - 2 scrolls of enchant armour {unknown}
 g - 4 scrolls of magic mapping {unknown}
 h - a scroll of blinking {unknown}
 j - 3 scrolls of teleportation {unknown}
 n - a scroll of recharging {unknown}
 q - a scroll of enchant weapon {unknown}
 s - a scroll of identify {unknown}
 y - a scroll of random uselessness {unknown}
Potions
 c - a potion of brilliance {unknown}
 f - 3 potions of curing {unknown}
 k - 4 potions of flight {unknown}
 r - a potion of invisibility {unknown}
 u - a potion of cancellation {unknown}
 v - a potion of heal wounds {unknown}
 w - a potion of ambrosia {unknown}
 A - 2 potions of resistance {unknown}
Comestibles
 m - a royal jelly
 t - 4 bread rations
 z - 4 chunks of flesh


   Skills:
 + Level 5.7 Fighting
 + Level 5.5 Axes
 - Level 1.7 Armour
 - Level 1.7 Dodging


You had 5 spell levels left.
You didn't know any spells.

Dungeon Overview and Level Annotations

Branches:
Dungeon (5/15)             Temple (0/1) D:4

Altars:
Ashenzari
Okawaru


Innate Abilities, Weirdness & Mutations

You have very sharp fingernails.
You have large cloven feet.
You are partially covered in sharp spines.


Message History

The orc hits you but does no damage.
The orc priest calls down the wrath of Beogh upon you.
Beogh smites you!
You hit the orc. Your kick misses the orc.
The orc is heavily wounded.
The orc hits you but does no damage.
The orc priest invokes the aid of Beogh against you.
Beogh smites you!
* * * LOW HITPOINT WARNING * * *
You hit the orc.
You feel better.
You kick the orc, but do no damage.
The orc is almost dead.
The orc hits you but does no damage.
You slash the orc!
You feel better.
You kill the orc!
Trog accepts your kill.
Your chain mail prevents you from hitting the orc.
You kick the orc, but do no damage. The orc barely misses you.
The orc priest mumbles some strange prayers to Beogh against you.
Beogh smites you!
You die...

### #(##.###oo ...
#......oo.
#.###.######.#
#...## ##o##
#..#######.#######
........o.........
#.....##o########.
#.###.##@# #(##†#
#.##.# #.##.#
#.##.# #.##.#
#<##.# #.##.####
#.......#


You could see 2 orc priests and an orc.

Vanquished Creatures
  2 scorpions (D:4)
  2 orc wizards (D:4)
  2 iguanas (D:4)
  4 worker ants
  A gnoll (D:1)
  6 adders
  2 worms
  5 dart slugs
  A leopard gecko (D:3)
  10 orcs
  16 giant cockroaches
  11 goblins
  8 hobgoblins
  2 jackals (D:4)
  2 quokkas
  A ball python (D:1)
  7 bats
  4 frilled lizards
  3 kobolds
  A quokka skeleton (D:4)
  2 rats
92 creatures vanquished.

Notes
Turn   | Place    | Note
-------+----------+-------------------------------------------
     0 | D:1      | grindst0ne the Demonspawn Berserker began the quest for the Orb.
     0 | D:1      | Reached XP level 1. HP: 18/18 MP: 1/1
   284 | D:1      | Gained mutation: You are partially covered in sharp spines. [demonic ancestry]
   284 | D:1      | Reached XP level 2. HP: 24/24 MP: 2/2
   455 | D:1      | Reached XP level 3. HP: 28/29 MP: 3/3
   739 | D:2      | Reached ** piety under Trog
   849 | D:2      | Found an iron altar of Okawaru.
  1121 | D:3      | Gained mutation: You have large cloven feet. [demonic ancestry]
  1121 | D:3      | Reached XP level 4. HP: 35/37 MP: 4/4
  1578 | D:3      | Reached *** piety under Trog
  1845 | D:4      | Gained mutation: You have sharp fingernails. [demonic ancestry]
  1845 | D:4      | Reached XP level 5. HP: 40/43 MP: 5/5
  2151 | D:4      | Reached skill level 5 in Fighting
  2281 | D:4      | Reached skill level 5 in Axes
  2281 | D:4      | Gained mutation: You have very sharp fingernails. [demonic ancestry]
  2281 | D:4      | Reached XP level 6. HP: 29/51 MP: 6/6
  2477 | D:4      | Found a shattered altar of Ashenzari.
  2959 | D:4      | Found a staircase to the Ecumenical Temple.
  3170 | D:5      | Entered Level 5 of the Dungeon
  3230 | D:5      | Killed from afar by an orc priest

Vault maps used:
D:1:      lightli_arrival_boilingwater
D:2:      okawaru_altar_gauntlet_db, st_stairs_4
D:3:      minmay_roachtagon, first_bread, corexii_item_surrounded_by_moat
D:4:      evilmike_ruin_ashenzari, minmay_temple_entry_nine_rooms
D:5:      uniq_prince_ribbit1

Skill      XL: |  1  2  3  4  5 |
---------------+----------------+-----
Axes           | 3 4 5 |  5.5
Fighting       | 4 5 |  5.7
Armour         | |  1.7
Dodging        | |  1.7

Action                   |  1- 3 |  4- 6 || total
-------------------------+-------+-------++-------
Melee: Hand axe          |    73 |   147 ||   220
       Kick              |       |    42 ||    42
Invok: Berserk           |       |     1 ||     1
 Stab: Sleeping          |     1 |       ||     1
  Eat: Chunk             |     1 |     7 ||     8
       Bread ration      |     1 |       ||     1
Armor: Animal skin       |     5 |       ||     5
       Leather armour    |     4 |       ||     4
       Chain mail        |    20 |    86 ||   106
Dodge: Dodged            |    59 |    51 ||   110
